 Dungeon Crawl Stone Soup version 0.32-a0-961-gd60f5e5fc7 (webtiles) character file.

Game seed: 16663727673910632003

192 araganzar the Changeling (level 5, -3/40 (41) HPs)
             Began as a Demonspawn Shapeshifter on Apr 18, 2024.
             Slain by an orc
             ... wielding a +0 hand axe
              (6 damage)
             ... on level 3 of the Dungeon.
             The game lasted 00:06:28 (2614 turns).

araganzar the Changeling (Demonspawn Shapeshifter)  Turns: 2614, Time: 00:06:28

HP:   -3/40 (41)    AC:  2    Str: 17    XL:     5   Next: 42%
MP:   5/5           EV: 11    Int: 10    God:
Gold: 169           SH:  0    Dex: 12    Spells: 4/4 levels left

rFire   . .          .
                       - Unarmed
rCold   . . .        (no shield)
rNeg    . . .        a - +0 animal skin
rPois   .            (helmet currently unavailable)
rElec   .            (cloak currently unavailable)
rCorr   .            (gloves currently unavailable)
SInv    .            (boots currently unavailable)
Will    .....        (no amulet)
Stlth   +            (no ring)
HPRegen 0.26/turn    (no ring)
MPRegen 0.09/turn

%: no passive effects
@: beast-form, lightly drained
A: beast (slay +2), claws 1, demonic guardian 1, demonic magic 1
a: Begin Untransformation


You were on level 3 of the Dungeon.
You were a hulking beast.
You visited 1 branch of the dungeon, and saw 3 of its levels.

You collected 169 gold pieces.


Innate Abilities, Weirdness & Mutations

You are a hulking beast.
Your limbs bulge with bestial killing power. (Slay +2)
You have sharp fingernails.
A weak demonic guardian rushes to your aid.
Spells you cast may paralyse adjacent enemies.


   Skills:
 - Level 3.0 Fighting
 - Level 1.7 Dodging
 + Level 3.4 Unarmed Combat
 - Level 4.2 Shapeshifting


You had 4 spell levels left.
You didn't know any spells.
Your spell library was empty.

Inventory:

Armour
 a - a +0 animal skin (worn)
 e - a +0 helmet
   (You found it on level 1 of the Dungeon)
Talismans
 c - a beast talisman (active)
 d - a flux talisman
Wands
 l - a wand of paralysis (10)
   (You found it on level 3 of the Dungeon)
Scrolls
 f - a scroll of enchant weapon {unknown}
 g - 4 scrolls of identify {unknown}
 i - a scroll of silence {unknown}
 j - a scroll of teleportation {unknown}
 m - a scroll of amnesia {unknown}
Potions
 h - a potion of haste {unknown}
 k - a potion of invisibility {unknown}
 n - a potion of ambrosia {unknown}

#. #.o.....# #.#########.#
#.#>.....##.# #.#..###.##.#
#......#.##.# ###.#.##.##.#
####.#.##.##.#
#......##.##5#################
#.##.#......oh................
#.##.####.##.###....##########
#.........##...+....+..#
####.###########....##.#
#......### #....##.#####
######...# #....##.....#
###.## #....##.....#
#..###.^..##.....###
##'#<)..............


You could see an orc (ally target) and a friendly white imp (summoned).


Message History

You closely miss the orc. The orc hits you with a +0 hand axe.
You take 4 damage, and have 26/41 hp.
You barely miss the orc.
Unknown command.
You closely miss the orc priest. The orc hits you but does no damage.
The orc priest threatens, "Beogh's wrath is as vast as their mercy.
Make your choice!"
The orc priest hits you with a +0 short sword of draining.
You feel drained.
You take 7 damage, and have 19/40 hp.
The orc priest threatens, "Beogh's wrath is as vast as their mercy.
Make your choice!"
You claw the orc priest!
The orc priest shouts, "Surrender to Beogh and we'll let you live!"
The orc closely misses you.
The orc priest calls down the wrath of Beogh upon you.
Beogh smites you!
* * * LOW HITPOINT WARNING * * *
A demonic guardian appears!
You take 12 damage, and have 7/40 hp.
MASSIVE DAMAGE!!
Unknown command.
Okay, then.
You scratch the orc priest. The orc hits you with a +0 hand axe.
* * * LOW HITPOINT WARNING * * *
The orc priest miscasts a cantrip.
You take 4 damage, and have 3/40 hp.
Unknown command.
You claw the orc priest!
You kill the orc priest!
The orc hits you with a +0 hand axe.
You die...

Action                     |  1- 3 |  4- 6 || total
---------------------------+-------+-------++-------
  Melee: Unarmed           |   117 |    90 ||   207
         Punch             |     1 |     2 ||     3
    Use: Potion            |       |     4 ||     4
   Stab: Sleeping          |     5 |     3 ||     8
 Armour: Animal skin       |    70 |    54 ||   124
         Skin              |       |    23 ||    23
  Dodge: Dodged            |    61 |    74 ||   135

Levels and vault maps discovered:
D:1:      wander_arrival_estate, layout_loops_cross, serial_bayou,
          serial_bayou_lagoon_b, serial_bayou_pond_b, serial_bayou_pond_e,
          serial_bayou_pond_a, minmay_misc_feat_roman
D:2:      layout_basic, minmay_misc_feat_tower, moated_statue, uniq_natasha
D:3:      layout_basic, kennysheep_slug_shrine, general_overflow_altar,
          shapermc_ecumenical_altar_mp_ritualfount, minmay_cut_off

Notes
Turn   | Place    | Note
-------+----------+-------------------------------------------
     0 | D:1      | araganzar the Demonspawn Shapeshifter began the quest for
                  | the Orb.
     0 | D:1      | Reached XP level 1. HP: 15/15 MP: 1/1
   232 | D:1      | Gained mutation: A weak demonic guardian rushes to your
                  | aid. [demonic ancestry]
   232 | D:1      | Reached XP level 2. HP: 15/21 MP: 2/2
   302 | D:1      | Reached skill level 3 in Shapeshifting
   376 | D:1      | Reached skill level 2 in Fighting
   487 | D:1      | Reached XP level 3. HP: 12/28 MP: 3/3
   968 | D:2      | Reached skill level 3 in Fighting
  1324 | D:2      | Gained mutation: Spells you cast may paralyse adjacent
                  | enemies. [demonic ancestry]
  1324 | D:2      | Reached XP level 4. HP: 23/35 MP: 4/4
  1390 | D:2      | Noticed Natasha
  1407 | D:2      | Killed Natasha
  1826 | D:2      | Noticed Natasha
  1952 | D:2      | Killed Natasha
  1953 | D:2      | Reached skill level 4 in Shapeshifting
  1953 | D:2      | Gained mutation: You have sharp fingernails. [demonic
                  | ancestry]
  1953 | D:2      | Reached XP level 5. HP: 30/41 MP: 5/5
  2114 | D:3      | Found a snail-covered altar of Cheibriados.
  2220 | D:3      | Found a faded altar of an unknown god.
  2395 | D:3      | Reached skill level 3 in Unarmed Combat
  2613 | D:3      | HP: 3/40 [orc/+0 hand axe (5)]
  2614 | D:3      | Slain by an orc

Vanquished Creatures
  2 orc priests (D:3)
  Natasha (twice) (D:2)
  A gnoll (D:1)
  4 adders
  3 dart slugs
  4 bats (D:1)
  8 endoplasms
  3 giant cockroaches
  5 goblins
  3 hobgoblins
  4 jackals
  5 kobolds
  2 quokkas
  6 ball pythons
  A frilled lizard (D:1)
  6 rats
59 creatures vanquished.

Vanquished Creatures (collateral kills)
  An endoplasm (D:2)
  A hobgoblin (D:2)
2 creatures vanquished.

Grand Total: 61 creatures vanquished
